 Dungeon Crawl Stone Soup version 0.27.0-1-g7a089689b8 (webtiles) character file.

Game seed: 5199032555245281109

41 sanka the Ducker (level 3, -3/23 HPs)
             Began as an Octopode Arcane Marksman on Aug 10, 2021.
             Slain by a kobold (5 damage)
             ... on level 2 of the Dungeon.
             The game lasted 00:01:16 (1010 turns).

sanka the Ducker (Octopode Arcane Marksman)         Turns: 1010, Time: 00:01:17

Health: -3/23      AC:  1    Str:  9    XL:     3   Next: 52%
Magic:  4/4        EV: 14    Int: 16    God:
Gold:   25         SH:  0    Dex: 12    Spells: 3/4 levels left

rFire    . . .     SeeInvis .   (no weapon)
rCold    . . .     Faith    .   (no shield)
rNeg     . . .     Spirit   .   (helmet restricted)
rPois    .         Reflect  .   (no amulet)
rElec    .         Harm     .   (no ring)
rCorr    .         Rampage  .   (no ring)
Will     .....                  (no ring)
Stlth    ++........             (no ring)
HPRegen  0.07/turn              (no ring)
MPRegen  0.09/turn              (no ring)
                                (no ring)
                                (no ring)

@: no status effects
A: almost no armour, amphibious, 8 rings, camouflage 1, gelatinous body 1,
(nimble swimmer 1), tentacles
a: no special abilities


You were on level 2 of the Dungeon.
You visited 1 branch of the dungeon, and saw 2 of its levels.

You collected 25 gold pieces.


Innate Abilities, Weirdness & Mutations

You cannot wear most types of armour.
You are amphibious.
You can wear up to eight rings at the same time.
Your skin changes colour to match your surroundings (Stealth+).
Your rubbery body absorbs attacks. (AC +1, EV +1)
((You are camouflaged near water. (Stealth+)))
You have tentacles for arms and can constrict up to eight enemies at once.


   Skills:
 - Level 1.0 Fighting
 - Level 2.0 Crossbows
 + Level 3.8 Dodging
 - Level 1.0 Spellcasting
 - Level 3.0 Hexes


You had 3 spell levels left.
You knew the following spells:

 Your Spells              Type           Power      Damage    Failure   Level
Z - Corona                Hex            11%        N/A       7%          1

Your spell library contained the following spells:

 Spells                   Type           Power      Damage    Failure   Level
 Slow                     Hex            10%        N/A       10%         2
 Inner Flame              Hex/Fire       5%         N/A       36%         3
 Portal Projectile        Hex/Tloc       10%        N/A       36%         3
 Cause Fear               Hex            5%         N/A       54%         4

Inventory:

Hand Weapons
 a - a +0 hand crossbow
Scrolls
 b - a scroll of vulnerability {unknown}
 e - a scroll of enchant weapon {unknown}
 g - a scroll of immolation {unknown}
 h - a scroll of fog {unknown}
 i - a scroll of acquirement {unknown}
Potions
 d - a potion of resistance {unknown}
 f - a potion of flight {unknown}

Dungeon Overview and Level Annotations

Branches:
Dungeon (2/15)

Altars:

▒....<▒ ▒.▒▒▒▒▒
▒.▒ ▒▒ ▒.▒ ...
▒.▒
.....▒▒▒▒▒.▒
.........▒
▒▒▒▒▒.▒▒▒▒▒K▒.▒
...(...((hx...▒
▒▒▒!...▒▒▒▒▒▒▒▒
....... .......
......( ▒▒▒▒.▒.
▒▒▒h .h


You could see a jackal and a kobold.


Message History

The jackal bites you.
You tentacle-slap the jackal but do no damage.
Your grab misses the jackal. The kobold hits you with a +0 whip.
The jackal bites you.
You tentacle-slap the jackal. Your grab misses the jackal.
Your squeeze misses the jackal.
The jackal is lightly wounded.
The jackal bites you.
* * * LOW HITPOINT WARNING * * *
The kobold hits you with a +0 whip.
* * * LOW HITPOINT WARNING * * *
You barely miss the kobold. You grab the kobold. You constrict the kobold.
The jackal bites you.
* * * LOW HITPOINT WARNING * * *
The kobold hits you with a +0 whip.
* * * LOW HITPOINT WARNING * * *
The jackal closely misses you.
You closely miss the jackal. You grab the jackal.
The jackal is lightly wounded.
You constrict the kobold. You constrict the jackal. The jackal bites you.
* * * LOW HITPOINT WARNING * * *
The kobold hits you with a +0 whip.
You die...

Action                   || total
-------------------------++-------
Melee: Unarmed           ||     9
       Constrict         ||     4
 Fire: Hand crossbow     ||    56
Armor: Skin              ||     2
Dodge: Dodged            ||    33

Levels and vault maps discovered:
D:1:      onia_arrival_zoo_common, layout_rooms,
          shapermc_ecumenical_altar_mp_urbaneastern, serial_park_tiny_pond
D:2:      layout_basic, minmay_fountain_box, kennysheep_generic_room_12

Notes
Turn   | Place    | Note
-------+----------+-------------------------------------------
     0 | D:1      | sanka the Octopode Arcane Marksman began the quest for the
                  | Orb.
     0 | D:1      | Reached XP level 1. HP: 13/13 MP: 2/2
     6 | D:1      | Noticed an iguana
     6 | D:1      | Noticed a polar bear
     6 | D:1      | Noticed a lindwurm
     7 | D:1      | Noticed a scorpion
     7 | D:1      | Noticed a hound
   177 | D:1      | Found a faded altar of an unknown god.
   221 | D:1      | Reached XP level 2. HP: 18/18 MP: 3/3
   247 | D:1      | Reached skill level 3 in Dodging
   461 | D:1      | Reached XP level 3. HP: 5/23 MP: 4/4
   462 | D:1      | HP: 2/23 [jackal (1)]
  1010 | D:2      | HP: 2/23 [jackal (3)]
  1010 | D:2      | Slain by a kobold

Vanquished Creatures
  An adder (D:2)
  A dart slug (D:1)
  5 endoplasms
  A giant cockroach (D:1)
  A hobgoblin (D:1)
  9 jackals
  A quokka (D:1)
  2 ball pythons (D:1)
  A bat (D:1)
  2 frilled lizards (D:1)
  2 rats (D:1)
26 creatures vanquished.

Vanquished Creatures (others)
  A fungus (D:1)
1 creature vanquished.

Grand Total: 27 creatures vanquished
